[Event "2026 Biel Blitz Open"]
[Site "Biel, CH"]
[Date "2026.07.19"]
[Round "5"]
[White "Draude, Theo"]
[Black "Nguyen Thi Mai Hung"]
[Result "0-1"]
[Board "34"]
[TimeControl "180+2"]
[WhiteFideId "34623809"]
[BlackFideId "12401676"]
[WhiteElo "1861"]
[BlackElo "2039"]
[BlackTitle "WGM"]
[WhiteClock "0:00:05"]
[BlackClock "0:01:10"]
[Variant "Standard"]
[EndDate "2026.07.19"]
[EndTime "13:07:03"]

1. e4 e6 2. d4 d5 3. exd5 exd5 4. Bd3 Bd6 5. Nc3 Ne7 6. Bg5 c6 7. Qd2 f6 8. Bf4 Bf5 9. Bxd6 Qxd6 10. O-O-O Nd7 11. Nge2 O-O-O 12. Rhe1 Bxd3 13. Qxd3 Qxh2 14. Ng3 Rde8 15. Qf3 Qh6+ 16. Kb1 Qg5 17. Rh1 g6 18. Rde1 f5 19. Qd3 Nf6 20. Re2 Ne4 21. Ngxe4 fxe4 22. Qh3+ Qf5 23. g4 Qd7 24. Re3 h5 25. Qg3 Qxg4 26. Qe5 Nf5 27. Qf6 Nxe3 0-1

[Event "2026 Biel Blitz Open"]
[Site "Biel, CH"]
[Date "2026.07.19"]
[Round "5"]
[White "El-Mais, Ibaa"]
[Black "Freuler, Roman"]
[Result "1-0"]
[Board "35"]
[TimeControl "180+2"]
[WhiteFideId "1312715"]
[BlackFideId "1304283"]
[WhiteElo "2012"]
[BlackElo "1852"]
[WhiteClock "0:00:06"]
[BlackClock "0:00:09"]
[Variant "Standard"]
[EndDate "2026.07.19"]
[EndTime "13:10:25"]

1. d4 Nf6 2. Nf3 g6 3. c4 c5 4. d5 b5 5. cxb5 a6 6. b6 Bg7 7. Nc3 d6 8. e4 Nbd7 9. Be2 O-O 10. O-O Qxb6 11. a4 Bb7 12. Nd2 Rfb8 13. a5 Qc7 14. Nc4 Ra7 15. Bf4 Bc8 16. Bg3 h5 17. f4 Ne8 18. Bd3 Ndf6 19. h3 Bd7 20. e5 Nh7 21. e6 Bb5 22. exf7+ Kxf7 23. f5 Nhf6 24. fxg6+ Kg8 25. Qe2 Qb7 26. Qe6+ Kh8 27. Ne4 Qc8 28. Ng5 Qxe6 29. dxe6 Bxc4 30. Bxc4 Rxb2 31. Rab1 Rab7 32. Rxb2 Rxb2 33. h4 Rb4 34. Bxa6 Ra4 35. Bb5 Rxa5 36. Bd7 Ra7 37. Bxe8 Nxe8 38. Rf7 Nf6 39. Kh2 Kg8 40. Bxd6 Ng4+ 41. Kg3 Ra3+ 42. Nf3 exd6 43. e7 Re3 44. Kf4 Be5+ 45. Kg5 Bg7 46. Kxh5 Nf6+ 47. Kg5 Nd7 48. h5 Bf6+ 49. Kf5 Bxe7 50. h6 Bf8 51. h7+ Kh8 52. Rxd7 Re7 53. Rxe7 Bxe7 54. Ke6 Bf8 55. Kf7 c4 56. Kxf8 c3 57. g7 1-0

[Event "2026 Biel Blitz Open"]
[Site "Biel, CH"]
[Date "2026.07.19"]
[Round "5"]
[White "Berezovskii, Arina"]
[Black "Python, Noe"]
[Result "0-1"]
[Board "36"]
[TimeControl "180+2"]
[WhiteFideId "34449850"]
[BlackFideId "1337637"]
[WhiteElo "1851"]
[BlackElo "2010"]
[WhiteTitle "WCM"]
[WhiteClock "0:00:03"]
[BlackClock "0:00:35"]
[Variant "Standard"]
[EndDate "2026.07.19"]
[EndTime "13:14:15"]

1. e4 d6 2. d4 Nf6 3. Nc3 e5 4. dxe5 dxe5 5. Qxd8+ Kxd8 6. Nf3 Bd6 7. Bc4 Ke8 8. Ng5 Rf8 9. O-O h6 10. Nf3 a6 11. Re1 b5 12. Bb3 Bb7 13. Nd5 Nbd7 14. c3 Nxd5 15. Bxd5 Bxd5 16. exd5 f6 17. Nd4 Nb6 18. Nf5 Kf7 19. Nxd6+ cxd6 20. Rd1 Rfc8 21. f3 Rab8 22. Kf2 Rc5 23. Be3 Rxd5 24. Bxb6 Rxd1 25. Rxd1 Rxb6 26. Ke3 Ke6 27. b3 d5 28. f4 Rb7 29. g4 Rc7 30. f5+ Kd6 31. c4 bxc4 32. bxc4 Rxc4 33. Rb1 Kc7 34. h3 Rc3+ 35. Kf2 Rxh3 36. Rc1+ Kd6 37. Rc8 e4 38. Rg8 Ke5 39. Rxg7 Kf4 40. Rd7 e3+ 41. Ke2 Rh2+ 42. Ke1 Kf3 43. Kd1 e2+ 0-1

[Event "2026 Biel Blitz Open"]
[Site "Biel, CH"]
[Date "2026.07.19"]
[Round "5"]
[White "Mikavica, Dragoljub"]
[Black "Hajduk, Tomasz"]
[Result "0-1"]
[Board "39"]
[TimeControl "180+2"]
[WhiteFideId "1308726"]
[BlackFideId "21811415"]
[WhiteElo "1983"]
[BlackElo "1791"]
[WhiteClock "0:00:10"]
[BlackClock "0:00:41"]
[Variant "Standard"]
[EndDate "2026.07.19"]
[EndTime "13:12:56"]

1. c4 c5 2. e4 e5 3. Nf3 Nc6 4. Nc3 Nf6 5. d3 d6 6. h3 Be6 7. Bg5 Be7 8. Bxf6 Bxf6 9. Nd5 Bxd5 10. cxd5 Qa5+ 11. Qd2 Nb4 12. Ke2 Bd8 13. a3 Na6 14. Qc3 Qxc3 15. bxc3 Ba5 16. Rc1 c4 17. d4 exd4 18. Nxd4 Nc5 19. Ke3 Nb3 20. Nxb3 cxb3 21. Rb1 Rc8 22. c4 Bb6+ 23. Kd3 Bxf2 24. Rxb3 Bb6 25. Be2 Ke7 26. Bg4 Rc5 27. Re1 h5 28. Bf3 g6 29. e5 Rhc8 30. exd6+ Kxd6 31. Rc3 Ba5 32. Rc2 Bxe1 33. g4 hxg4 34. Bxg4 Re8 35. Rb2 b6 36. Rg2 Bh4 37. Rg1 Bf2 38. Rf1 f5 39. Rxf2 fxg4 40. Rf6+ Ke5 41. Rxg6 gxh3 42. Rg5+ Kf4 43. Rg7 Re3+ 44. Kd2 Rxa3 45. d6 Rxc4 46. d7 Rd4+ 47. Kc2 Rad3 48. Rf7+ Kg3 49. Rg7+ Kh2 50. Rg4 Rxd7 0-1

[Event "2026 Biel Blitz Open"]
[Site "Biel, CH"]
[Date "2026.07.19"]
[Round "5"]
[White "Trubini, Timon"]
[Black "Haugner, Jan"]
[Result "1/2-1/2"]
[Board "40"]
[TimeControl "180+2"]
[WhiteFideId "1347799"]
[BlackFideId "24655244"]
[WhiteElo "1788"]
[BlackElo "1976"]
[WhiteClock "0:00:15"]
[BlackClock "0:00:09"]
[Variant "Standard"]
[EndDate "2026.07.19"]
[EndTime "13:10:15"]

1. e4 c5 2. Nf3 d6 3. d4 cxd4 4. Nxd4 Nf6 5. Nc3 Bd7 6. Bc4 Nc6 7. O-O g6 8. Bb3 Bg7 9. Be3 Ng4 10. Nxc6 Nxe3 11. Bxf7+ Kf8 12. Qf3 Bxc6 13. fxe3 Bf6 14. Bb3 Kg7 15. Qh3 Qb6 16. Qe6 Qxe3+ 17. Kh1 Rhf8 18. Rae1 Qg5 19. Nd5 Bxd5 20. Bxd5 Qe5 21. c3 Qxe6 22. Bxe6 Be5 23. Bd5 Rab8 24. Rxf8 Rxf8 25. Kg1 b6 26. Rf1 Bf4 27. g3 Be3+ 28. Kg2 Rxf1 29. Kxf1 Bc1 30. b3 Kf6 31. Ke2 Ke5 32. Kd3 g5 33. Bg8 h6 34. Bd5 Ba3 35. Ke3 Bc5+ 36. Kf3 h5 37. h3 e6 38. Bc6 h4 39. gxh4 gxh4 40. Bd7 Ba3 41. c4 Bb4 42. Bc6 Be1 43. Ke2 Bg3 44. Kf3 Kd4 45. a4 a5 46. Bd7 e5 47. Be6 Kc3 48. c5 dxc5 49. Bc4 Kd4 50. Bb5 Be1 51. Bc4 Bg3 52. Be6 Kc3 53. Bf7 Kd2 54. Be6 Kc3 55. Bd5 Kb4 56. Bc4 Be1 57. Kg4 Bf2 58. Kf5 Bg3 59. Ke6 Bf4 60. Kd6 Bg3 61. Kc6 Bf4 62. Kxb6 Bg3 63. Kc6 Bf4 64. Kd5 Bg3 65. Ke6 Bf4 1/2-1/2

[Event "2026 Biel Blitz Open"]
[Site "Biel, CH"]
[Date "2026.07.19"]
[Round "5"]
[White "Kwiatkowski, Maciej"]
[Black "Jaggy, Enzo"]
[Result "1-0"]
[Board "41"]
[TimeControl "180+2"]
[WhiteFideId "1360175"]
[BlackFideId "1344919"]
[WhiteElo "1967"]
[BlackElo "1761"]
[WhiteClock "0:01:29"]
[BlackClock "0:00:05"]
[Variant "Standard"]
[EndDate "2026.07.19"]
[EndTime "13:13:15"]

1. e4 e6 2. d4 d5 3. Nd2 dxe4 4. Nxe4 Nd7 5. c3 Ngf6 6. Bd3 Be7 7. Nf3 Nxe4 8. Bxe4 Nf6 9. Bc2 c5 10. O-O cxd4 11. Nxd4 h6 12. Qf3 O-O 13. Re1 Re8 14. Bf4 a6 15. Be5 Qd5 16. Qd3 g6 17. Qg3 Kg7 18. Rad1 Qa5 19. a3 Bd7 20. Qf4 Bc6 21. Nxc6 bxc6 22. Re3 Rad8 23. Rf3 Rxd1+ 24. Bxd1 Qd8 25. Bc2 a5 26. h3 h5 27. Ba4 Rh8 28. h4 Rh7 29. Bxc6 Qd1+ 30. Kh2 Qd8 31. b4 axb4 32. axb4 Qb6 33. b5 Qb8 1-0

[Event "2026 Biel Blitz Open"]
[Site "Biel, CH"]
[Date "2026.07.19"]
[Round "5"]
[White "Osmani, Xhevdet"]
[Black "Damen, Josephine"]
[Result "1-0"]
[Board "43"]
[TimeControl "180+2"]
[WhiteFideId "22104569"]
[BlackFideId "1074369"]
[WhiteElo "1959"]
[BlackElo "1766"]
[BlackTitle "WCM"]
[WhiteClock "0:01:06"]
[BlackClock "0:00:14"]
[Variant "Standard"]
[EndDate "2026.07.19"]
[EndTime "13:10:14"]

1. d4 Nf6 2. Bf4 g6 3. e3 Bg7 4. h3 d6 5. Nf3 O-O 6. Be2 Nbd7 7. c3 Re8 8. O-O c6 9. Nbd2 e5 10. dxe5 dxe5 11. Bh2 Qe7 12. Nc4 Nd5 13. Qc2 N7b6 14. Na5 Kh8 15. Rad1 f6 16. a3 Be6 17. c4 Nc7 18. b4 Rab8 19. Rd2 Bf7 20. Rfd1 Be6 21. Nb3 Red8 22. Nc5 Rxd2 23. Rxd2 Bf7 24. a4 Be8 25. e4 Ne6 26. Nxe6 Qxe6 27. a5 Nd7 28. c5 Qe7 29. Bc4 Bf7 30. Rd6 Nf8 31. Qd3 Bxc4 32. Qxc4 Re8 33. Nd2 Ne6 34. Nb3 Nf4 35. b5 Rd8 36. Bxf4 exf4 37. bxc6 bxc6 38. Rxc6 f3 39. g3 Qd7 40. Rd6 Qc7 41. Qd5 Rxd6 42. Qxd6 Qxd6 43. cxd6 f5 44. exf5 gxf5 45. Nc5 Bf6 46. d7 Kg7 47. d8=Q Bxd8 48. Ne6+ Kf6 49. Nxd8 Ke7 50. Nc6+ Kd6 51. Nxa7 Kc5 52. a6 Kb6 53. Nb5 Kxa6 54. Nd6 f4 55. g4 Kb6 56. Nc4+ Kc7 57. Ne5 Kd6 58. Nxf3 Ke6 59. Kg2 Kf6 60. Nd2 Kg5 61. Kf3 Kh4 62. Kxf4 Kxh3 63. f3 Kh4 64. Ne4 h6 65. Nf6 Kh3 66. Ng8 Kh4 67. Nxh6 1-0

[Event "2026 Biel Blitz Open"]
[Site "Biel, CH"]
[Date "2026.07.19"]
[Round "5"]
[White "Tcheau, Alain"]
[Black "Ragios, Konstantinos"]
[Result "0-1"]
[Board "44"]
[TimeControl "180+2"]
[WhiteFideId "1306014"]
[BlackFideId "4210484"]
[WhiteElo "1777"]
[BlackElo "1957"]
[WhiteClock "0:00:32"]
[BlackClock "0:00:25"]
[Variant "Standard"]
[EndDate "2026.07.19"]
[EndTime "13:15:48"]

1. h3 e5 2. c3 Nf6 3. d4 exd4 4. cxd4 d5 5. Nf3 Bf5 6. e3 c6 7. Bd3 Bg6 8. Nc3 Nbd7 9. O-O Bd6 10. Qc2 Bxd3 11. Qxd3 O-O 12. a3 a5 13. Bd2 Re8 14. Rfe1 Ne4 15. Qc2 Qf6 16. Nxe4 dxe4 17. Nh2 Qh4 18. Bc3 Re6 19. Qe2 Rg6 20. Kh1 Nf6 21. f4 Nd5 22. Bd2 f5 23. Rf1 Rd8 24. Bxa5 Rc8 25. Be1 Qe7 26. Bf2 Kh8 27. g3 Qe6 28. Rfc1 Ra8 29. Kg2 Qe8 30. a4 Nb4 31. Nf1 Nd3 32. Rc2 Bxf4 33. Ra3 Bd6 34. Rxd3 exd3 35. Qxd3 Qe4+ 36. Qxe4 fxe4 37. b3 h5 38. Nd2 Re8 39. Nc4 Bc7 40. h4 Kh7 41. b4 Rf6 42. b5 Bb8 43. Rb2 Rc8 44. bxc6 Rfxc6 45. Nb6 Rc2 46. Rxc2 Rxc2 47. Kf1 Ra2 48. Be1 Ba7 49. Nc8 Rxa4 50. Nd6 Ra3 51. Bd2 Bb8 52. Nxe4 b5 53. Ke2 Ra2 54. Kf3 Bc7 55. Bb4 Ba5 56. Bc5 b4 57. Ng5+ Kg6 58. Ne6 b3 59. Nf4+ Kf7 60. Nd3 b2 61. Nxb2 Rxb2 0-1

[Event "2026 Biel Blitz Open"]
[Site "Biel, CH"]
[Date "2026.07.19"]
[Round "5"]
[White "Clausen, Martin"]
[Black "Chantrell, Paul"]
[Result "1-0"]
[Board "45"]
[TimeControl "180+2"]
[WhiteFideId "1314882"]
[BlackFideId "451967"]
[WhiteElo "1956"]
[BlackElo "1749"]
[WhiteClock "0:00:40"]
[BlackClock "0:00:03"]
[Variant "Standard"]
[EndDate "2026.07.19"]
[EndTime "13:15:15"]

1. e4 e5 2. Nf3 Nc6 3. d4 exd4 4. Bc4 Bc5 5. Ng5 Nh6 6. Nxf7 Nxf7 7. Bxf7+ Kxf7 8. Qh5+ g6 9. Qxc5 d6 10. Qc4+ Be6 11. Qe2 Rf8 12. Bh6 Rg8 13. O-O Ne5 14. Qd2 Nc6 15. f4 Ke8 16. c3 dxc3 17. Nxc3 Qd7 18. Rad1 Kd8 19. Qe2 Bg4 20. Qc4 Qe6 21. Qb5 Bxd1 22. Qxb7 Kd7 23. Rxd1 Rgb8 24. Qa6 Rb6 25. Qa4 Rab8 26. b3 Kc8 27. Nd5 Rb5 28. Rc1 Nd8 29. Rxc7# 1-0

[Event "2026 Biel Blitz Open"]
[Site "Biel, CH"]
[Date "2026.07.19"]
[Round "5"]
[White "Bujes, Aurelien"]
[Black "Jehnichen, Kai"]
[Result "1-0"]
[Board "46"]
[TimeControl "180+2"]
[WhiteFideId "1347179"]
[BlackFideId "24684333"]
[WhiteElo "1741"]
[BlackElo "1952"]
[WhiteClock "0:02:10"]
[BlackClock "0:01:35"]
[Variant "Standard"]
[EndDate "2026.07.19"]
[EndTime "13:03:34"]

1. e4 e5 2. Nf3 Nc6 3. Bc4 Nf6 4. d3 d5 5. exd5 Nxd5 6. O-O Be7 7. Re1 Bg4 8. h3 Bh5 9. g4 Bg6 10. Nxe5 Qd6 11. Nxg6 hxg6 12. Qf3 O-O-O 13. Nc3 Ndb4 14. Nb5 Qf6 15. Qg3 a6 16. Qxc7# 1-0

[Event "2026 Biel Blitz Open"]
[Site "Biel, CH"]
[Date "2026.07.19"]
[Round "5"]
[White "Havolli, Daut"]
[Black "Vedant Nayudu"]
[Result "0-1"]
[Board "47"]
[TimeControl "180+2"]
[WhiteFideId "1315200"]
[BlackFideId "33369780"]
[WhiteElo "1950"]
[BlackElo "1732"]
[WhiteClock "0:01:11"]
[BlackClock "0:00:06"]
[Variant "Standard"]
[EndDate "2026.07.19"]
[EndTime "13:08:04"]

1. d4 d5 2. Bf4 c5 3. e3 cxd4 4. exd4 Nc6 5. Nc3 a6 6. Qd2 Bf5 7. Bd3 Bxd3 8. Qxd3 Nf6 9. Nge2 e6 10. h4 Bd6 11. Bg5 h6 12. Be3 Ng4 13. O-O-O Nxe3 14. fxe3 Qa5 15. Kb1 O-O-O 16. Nc1 Kb8 17. g4 Bb4 18. Nb3 Qc7 19. g5 hxg5 20. hxg5 Qe7 21. g6 fxg6 22. Qxg6 Bxc3 23. bxc3 Na7 24. Nc5 Nb5 25. Kb2 Rxh1 26. Rxh1 Re8 27. Rh7 Rg8 28. Qxe6 Qxe6 29. Nxe6 g5 30. Kb3 g4 31. Rg7 Rxg7 32. Nxg7 g3 0-1

[Event "2026 Biel Blitz Open"]
[Site "Biel, CH"]
[Date "2026.07.19"]
[Round "5"]
[White "Boner, Timm"]
[Black "Jud, Marc"]
[Result "1/2-1/2"]
[Board "48"]
[TimeControl "180+2"]
[WhiteFideId "1330039"]
[BlackFideId "1309099"]
[WhiteElo "1705"]
[BlackElo "1946"]
[WhiteClock "0:01:31"]
[BlackClock "0:01:05"]
[Variant "Standard"]
[EndDate "2026.07.19"]
[EndTime "13:15:26"]

1. e4 c5 2. Nf3 d6 3. Bc4 e6 4. O-O Nf6 5. Re1 Nc6 6. Nc3 a6 7. a3 Be7 8. e5 dxe5 9. Nxe5 Nxe5 10. Rxe5 Qc7 11. Re1 O-O 12. Bb3 b5 13. d3 Bb7 14. Qd2 Rad8 15. Qf4 Qc6 16. Qf3 Qxf3 17. gxf3 Bxf3 18. Bf4 b4 19. Ne4 Nxe4 20. dxe4 a5 21. Bc7 Rd2 22. Re3 Bh5 23. Rd3 Rxd3 24. cxd3 Be2 25. Bc4 Ra8 26. axb4 cxb4 27. b3 Bc5 28. Rxa5 Rxa5 29. Bxa5 e5 1/2-1/2

[Event "2026 Biel Blitz Open"]
[Site "Biel, CH"]
[Date "2026.07.19"]
[Round "5"]
[White "Garcia, Miguel"]
[Black "Gireada, Lucas"]
[Result "1-0"]
[Board "50"]
[TimeControl "180+2"]
[WhiteFideId "1317431"]
[BlackFideId "1373544"]
[WhiteElo "1938"]
[BlackElo "1651"]
[WhiteClock "0:00:22"]
[BlackClock "0:00:09"]
[Variant "Standard"]
[EndDate "2026.07.19"]
[EndTime "13:11:04"]

1. Nf3 Nf6 2. g3 b6 3. Bg2 Bb7 4. O-O e6 5. d3 d5 6. Nbd2 Be7 7. Re1 O-O 8. c3 c5 9. Qc2 Nc6 10. e4 Rc8 11. Nf1 h6 12. Bd2 d4 13. c4 Nd7 14. a3 a5 15. Rab1 Nde5 16. Bf4 Bd6 17. Nxe5 Bxe5 18. Bxe5 Nxe5 19. f4 Ng4 20. h3 Ne3 21. Nxe3 dxe3 22. Rxe3 Qd4 23. Rbe1 Rfd8 24. Kh2 Ba6 25. Qc3 Qxc3 26. bxc3 Rd7 27. Rb1 Rb8 28. a4 Kf8 29. e5 Ke7 30. Kg1 Rc7 31. Kf2 Bc8 32. Bf3 Bd7 33. Bd1 Bc6 34. d4 cxd4 35. cxd4 Rd7 36. c5 Rxd4 37. cxb6 Rb4 38. Rxb4 axb4 39. a5 Ra8 40. Rb3 Ba4 41. b7 Rb8 42. Rxb4 Bxd1 43. a6 Kd7 44. a7 Kc7 45. a8=Q 1-0

[Event "2026 Biel Blitz Open"]
[Site "Biel, CH"]
[Date "2026.07.19"]
[Round "5"]
[White "Wilhelm, Serge"]
[Black "Kamildjanov, Saidbek"]
[Result "1-0"]
[Board "51"]
[TimeControl "180+2"]
[WhiteFideId "1305808"]
[BlackFideId "151105026"]
[WhiteElo "1923"]
[BlackElo "1659"]
[WhiteClock "0:00:28"]
[BlackClock "0:00:40"]
[Variant "Standard"]
[EndDate "2026.07.19"]
[EndTime "13:12:06"]

1. Nf3 Nc6 2. g3 Nf6 3. Bg2 d5 4. d4 Bf5 5. O-O e6 6. Bf4 Bd6 7. Bxd6 Qxd6 8. Nbd2 O-O 9. e3 h6 10. c4 Ne7 11. c5 Qd7 12. Ne5 Qd8 13. b4 Nd7 14. Ndf3 Nxe5 15. Nxe5 Nc6 16. Nxc6 bxc6 17. Qa4 Qd7 18. Rfc1 Bd3 19. Qd1 Bg6 20. Qd2 Rab8 21. a3 Qe7 22. f4 f6 23. Rf1 Bf5 24. Rf2 e5 25. fxe5 fxe5 26. Raf1 Bg6 27. Bh3 exd4 28. exd4 Be4 29. Qe3 Rxf2 30. Rxf2 Rf8 31. Rxf8+ Qxf8 32. Qf2 Qe7 33. Qe3 Qf6 34. Qf2 Qg5 35. Qf4 Qxf4 36. gxf4 Kf7 37. Bd7 Kf6 38. Kf2 g5 39. fxg5+ Kxg5 40. Bxc6 Kf4 41. Be8 Bd3 42. b5 Bxb5 43. Bxb5 Ke4 44. Ke2 Kxd4 45. c6 Kc3 46. Kd1 d4 47. a4 Kb4 48. Kd2 Kc5 49. Kd3 a6 50. Bxa6 Kxc6 51. Kxd4 Kd6 52. Bb7 c6 53. a5 c5+ 54. Kc4 Kc7 55. a6 Kb6 56. h4 Ka7 57. Kxc5 Kb8 58. Kd6 Ka7 59. Ke6 Kb8 60. Kf6 Ka7 61. Kg6 Kb8 62. Kxh6 Ka7 63. Kg6 Kb8 64. h5 Ka7 65. h6 Kb8 66. h7 Ka7 67. h8=Q Kb6 68. Qb8 Ka5 69. Bc8 Ka4 70. a7 Ka5 71. a8=R# 1-0

[Event "2026 Biel Blitz Open"]
[Site "Biel, CH"]
[Date "2026.07.19"]
[Round "5"]
[White "Chu, Wa Ching David"]
[Black "Delion, Helge"]
[Result "1-0"]
[Board "52"]
[TimeControl "180+2"]
[WhiteFideId "6013180"]
[BlackFideId "12914568"]
[WhiteElo "1673"]
[BlackElo "1911"]
[WhiteClock "0:00:11"]
[BlackClock "0:00:43"]
[Variant "Standard"]
[EndDate "2026.07.19"]
[EndTime "13:12:08"]

1. d4 Nf6 2. Bg5 Ne4 3. Bh4 d5 4. f3 Nf6 5. Nc3 Bf5 6. Bxf6 exf6 7. e4 dxe4 8. fxe4 Bg6 9. Nf3 Nc6 10. Bb5 a6 11. Bxc6+ bxc6 12. Qd2 Bb4 13. Qe3 O-O 14. O-O Re8 15. Nd2 Rb8 16. Rab1 c5 17. dxc5 Bxc5 18. Qxc5 Qxd2 19. Rf2 Qd6 20. Qxd6 cxd6 21. Re2 Rb4 22. b3 Bxe4 23. Nxe4 Rbxe4 24. Rxe4 Rxe4 25. Rd1 Re6 26. Kf2 Kf8 27. Rd5 Re5 28. Rxd6 Ra5 29. a4 Ke7 30. Rb6 Rc5 31. c4 a5 32. Ke3 f5 33. Kd4 Rc7 34. Ra6 Rb7 35. Kc3 g5 36. Rxa5 Kf6 37. Ra6+ Ke5 38. Rh6 f6 39. Rh3 f4 40. Rd3 g4 41. h3 h5 42. hxg4 hxg4 43. a5 Ke4 44. b4 f3 45. gxf3+ gxf3 46. Rd6 f5 47. a6 Ra7 48. b5 f2 49. Rd1 Ke3 50. c5 Ke2 51. Rh1 f1=Q 52. Rxf1 Kxf1 53. b6 Rxa6 54. b7 Ra3+ 55. Kb2 Re3 56. b8=Q Re4 57. Qf8 f4 58. c6 Ke2 59. c7 f3 60. c8=Q f2 61. Qc2 Ke3 62. Qfxf2+ 1-0

[Event "2026 Biel Blitz Open"]
[Site "Biel, CH"]
[Date "2026.07.19"]
[Round "6"]
[White "Aronyak Ghosh"]
[Black "Bu, Xiangzhi"]
[Result "1/2-1/2"]
[Board "1"]
[TimeControl "180+2"]
[WhiteFideId "25072846"]
[BlackFideId "8601445"]
[WhiteElo "2488"]
[BlackElo "2719"]
[WhiteTitle "IM"]
[BlackTitle "GM"]
[WhiteClock "0:00:10"]
[BlackClock "0:00:15"]
[Variant "Standard"]
[EndDate "2026.07.19"]
[EndTime "13:28:14"]

1. d4 Nf6 2. Bf4 e6 3. e3 d5 4. Nf3 Bd6 5. Bg3 c5 6. dxc5 Bxc5 7. c4 O-O 8. a3 Nc6 9. Qc2 Qa5+ 10. Nbd2 Ne4 11. Rc1 Nxd2 12. Nxd2 Be7 13. Bd3 dxc4 14. Bxc4 Rd8 15. Qc3 Qxc3 16. Rxc3 Bd7 17. Ne4 Rac8 18. Ba2 Be8 19. Ke2 Nb8 20. Rhc1 Rxc3 21. Nxc3 Bc6 22. f3 Nd7 23. Bb1 Nb6 24. Be4 Bxe4 25. Nxe4 Nd5 26. Rc2 Kf8 27. Nd2 Bd6 28. Bxd6+ Rxd6 29. g3 Ke8 30. e4 Nb6 31. Rc7 Rd7 32. Rxd7 Kxd7 33. Kd3 Kc6 34. Nc4 Nxc4 35. Kxc4 1/2-1/2

[Event "2026 Biel Blitz Open"]
[Site "Biel, CH"]
[Date "2026.07.19"]
[Round "6"]
[White "Gloeckler, Christian"]
[Black "Arjun Kalyan"]
[Result "0-1"]
[Board "2"]
[TimeControl "180+2"]
[WhiteFideId "34608966"]
[BlackFideId "35018701"]
[WhiteElo "2513"]
[BlackElo "2451"]
[WhiteTitle "IM"]
[BlackTitle "GM"]
[WhiteClock "0:00:04"]
[BlackClock "0:00:10"]
[Variant "Standard"]
[EndDate "2026.07.19"]
[EndTime "13:27:54"]

1. e4 e5 2. Nc3 Nf6 3. d4 exd4 4. Qxd4 Nc6 5. Qd3 Bc5 6. Bf4 O-O 7. O-O-O d6 8. f3 Be6 9. Bg5 a5 10. g4 a4 11. a3 Ne5 12. Qe2 c6 13. h3 h6 14. Bh4 Ng6 15. Bg3 Qb6 16. Qh2 d5 17. e5 d4 18. Nxa4 Rxa4 19. exf6 Bxa3 20. bxa3 Rxa3 21. Kd2 Re8 22. Bd3 Bc4 23. Rc1 Qa5+ 24. Kd1 Bxd3 25. Qd2 Qa4 26. h4 Rc3 27. h5 Ne5 28. fxg7 Nc4 0-1

[Event "2026 Biel Blitz Open"]
[Site "Biel, CH"]
[Date "2026.07.19"]
[Round "6"]
[White "Ling, Chenxuan"]
[Black "Mohammad Nubairshah Shaikh"]
[Result "0-1"]
[Board "3"]
[TimeControl "180+2"]
[WhiteFideId "30983118"]
[BlackFideId "5053196"]
[WhiteElo "2235"]
[BlackElo "2316"]
[WhiteTitle "CM"]
[BlackTitle "IM"]
[WhiteClock "0:00:06"]
[BlackClock "0:00:12"]
[Variant "Standard"]
[EndDate "2026.07.19"]
[EndTime "13:29:54"]

1. d4 d5 2. c4 c6 3. Nc3 dxc4 4. a4 e5 5. e3 exd4 6. exd4 Be6 7. Nf3 Bb4 8. Be2 Nd7 9. O-O Ngf6 10. Bg5 O-O 11. Qc2 Qa5 12. Bd2 h6 13. Rfe1 Rfe8 14. h3 Rad8 15. Rad1 Nb6 16. Ra1 Bf5 17. Qc1 Bd3 18. Bd1 Rxe1+ 19. Bxe1 c5 20. dxc5 Qxc5 21. Bd2 Qf5 22. Be3 Nbd5 23. Bd4 b6 24. b3 Nxc3 25. Bxc3 Bxc3 26. Qxc3 Ne4 27. Qe5 Qxe5 28. Nxe5 cxb3 29. Bxb3 Ba6 30. Nxf7 Rd3 31. Nd6+ Rxb3 32. Nxe4 Bd3 33. Nd2 Rb2 34. Nf3 a5 35. Nd4 Kf7 36. Rd1 Rb1 37. Rxb1 Bxb1 38. Kf1 Kf6 39. Ke2 Ke5 40. Nb5 Bc2 41. Nc3 Kd4 42. Kd2 Bd3 43. f4 Bf1 44. g4 Bxh3 45. g5 h5 46. Ne2+ Kc4 47. Ke3 h4 48. Ke4 Bd7 49. f5 h3 50. Ng3 h2 51. f6 gxf6 52. gxf6 Be6 53. Ke5 Bf7 54. Kd6 Kb4 55. Kc7 b5 56. axb5 Kxb5 57. Kd6 0-1

[Event "2026 Biel Blitz Open"]
[Site "Biel, CH"]
[Date "2026.07.19"]
[Round "6"]
[White "Savitha Shri B"]
[Black "Amonatov, Farrukh"]
[Result "1-0"]
[Board "4"]
[TimeControl "180+2"]
[WhiteFideId "35061887"]
[BlackFideId "14700077"]
[WhiteElo "2161"]
[BlackElo "2585"]
[WhiteTitle "IM"]
[BlackTitle "GM"]
[WhiteClock "0:00:16"]
[BlackClock "0:00:14"]
[Variant "Standard"]
[EndDate "2026.07.19"]
[EndTime "13:29:25"]

1. e4 c5 2. Nf3 d6 3. d4 cxd4 4. Nxd4 Nf6 5. Nc3 a6 6. Be3 e5 7. Nb3 Be6 8. h3 Be7 9. Qf3 Nbd7 10. O-O-O Rc8 11. Nd5 O-O 12. g4 Bxd5 13. exd5 Nb6 14. Kb1 e4 15. Qg2 Nbxd5 16. g5 Nxe3 17. fxe3 Nd7 18. Qxe4 Bxg5 19. Qxb7 Ne5 20. Bxa6 Rc7 21. Qe4 g6 22. Rhf1 Re8 23. Qd4 Bf6 24. Qb4 Bg7 25. Rxd6 Qg5 26. Qf4 Qg2 27. Qf2 Qxh3 28. e4 h5 29. a4 Qg4 30. Bb5 Rec8 31. Rd2 Qxe4 32. a5 Qb4 33. Qb6 Qe4 34. Rc1 Bh6 35. Rd8+ Kg7 36. Rxc8 Rxc8 37. Rf1 Qxc2+ 38. Ka2 Bg5 39. Qb7 Rc7 40. Qd5 Re7 41. a6 Qc7 42. Nd4 Qb6 43. Nc6 Nxc6 44. Qxc6 Qa5+ 45. Kb1 Qb4 46. Bc4 Qa5 47. Qd5 Qb6 48. Rxf7+ Rxf7 49. Qxf7+ Kh6 50. Qf8+ Kh7 51. Bg8+ Kh8 52. Bf7+ Kh7 53. Qg8+ 1-0

[Event "2026 Biel Blitz Open"]
[Site "Biel, CH"]
[Date "2026.07.19"]
[Round "6"]
[White "Kozak, Adam"]
[Black "Cao, Qingfeng"]
[Result "1-0"]
[Board "5"]
[TimeControl "180+2"]
[WhiteFideId "753246"]
[BlackFideId "8627568"]
[WhiteElo "2537"]
[BlackElo "2264"]
[WhiteTitle "GM"]
[BlackTitle "IM"]
[WhiteClock "0:00:15"]
[BlackClock "0:00:04"]
[Variant "Standard"]
[EndDate "2026.07.19"]
[EndTime "13:28:34"]

1. Nf3 Nf6 2. b3 c5 3. Bb2 Nc6 4. e3 g6 5. Nc3 d5 6. Bb5 Bg7 7. Na4 c4 8. bxc4 a6 9. Bxc6+ bxc6 10. c5 O-O 11. Nb6 Rb8 12. O-O a5 13. Be5 Rb7 14. d4 Be6 15. Qe1 Nd7 16. Bxg7 Kxg7 17. Qxa5 Nxb6 18. Rab1 Qc7 19. cxb6 Qd6 20. a4 Bf5 21. Qc5 Ra8 22. Ra1 Qxc5 23. dxc5 Ra5 24. Nd4 Bd7 25. Nb3 Ra6 26. a5 e5 27. f4 f6 28. fxe5 fxe5 29. Nc1 e4 30. Ne2 Rb8 31. Nd4 Rba8 32. Rfb1 Kf6 33. b7 Rb8 34. Rb6 Rxb6 35. cxb6 c5 36. Nb3 c4 37. Nc5 Bc6 38. a6 1-0

[Event "2026 Biel Blitz Open"]
[Site "Biel, CH"]
[Date "2026.07.19"]
[Round "6"]
[White "Fernandes Barbosa Dos Santos, Gabriel"]
[Black "Ghosh, Diptayan"]
[Result "0-1"]
[Board "6"]
[TimeControl "180+2"]
[WhiteFideId "1354388"]
[BlackFideId "5045207"]
[WhiteElo "2167"]
[BlackElo "2530"]
[WhiteTitle "CM"]
[BlackTitle "GM"]
[WhiteClock "0:00:04"]
[BlackClock "0:00:23"]
[Variant "Standard"]
[EndDate "2026.07.19"]
[EndTime "13:31:44"]

1. e4 e5 2. Nf3 Nc6 3. Bc4 Nf6 4. d3 h6 5. a4 Bc5 6. c3 a6 7. O-O d6 8. h3 O-O 9. Re1 Ba7 10. Nbd2 Ne7 11. Nh4 c6 12. Bb3 Qc7 13. Nf1 d5 14. Qf3 dxe4 15. dxe4 Nd7 16. Ng3 Nc5 17. Bc2 Be6 18. Bxh6 Ng6 19. Nhf5 gxh6 20. Qh5 Nf4 21. Qg4+ Ng6 22. Qh5 Nf4 23. Qg4+ Ng6 24. Qh5 Qd8 25. Nxh6+ Kg7 26. Ngf5+ Bxf5 27. Nxf5+ Kf6 28. Rad1 Qc8 29. Rd6+ Ne6 30. Qf3 Rh8 31. Rd2 Ngf4 32. g3 Qg8 33. Kf1 Rxh3 34. Bb3 Qh7 35. Kg1 Rh8 36. Nh4 Qxh4 0-1